Berna, neutral female human Valkyrie --------- +# |.......-# # ------ |.......|# ############-....| |.......|# ------------- # |....| |.....---# |....#......| # |.>..| |.....| # |............# # |....| --|---- # |...........|# ########`###### #...`.| ## # |...........|# # # # #------ # # ------|------)### # # #### # # ## ## # # # # ### # ### # # # ---.-------- # ### ## ------# ###### # |..........| ###############################|...)|# #----.---------# |......(...-################################|....|# #|............|# |..........| ###--.-------------### # #....[|# #|.<..........|# |..........| #...............-# ###|.)[.|# #.............-# ------------ |...........{..| #......# |............| ---------------- ------ -------------- Berna the Skirmisher Experience level: 4 Strength: 15 Dexterity: 18 Constitution: 16 Intelligence: 8 Wisdom: 8 Charisma: 9 Health: 16(33) Energy: 12(12) Def: 6 Gold: 454 Moves: 2851 Dungeon seed: 9mu5CgzcowzbNYFL Game ID: Berna_1444163326 Your Inventory: Coins $ - 454 gold pieces Weapons a - an uncursed +3 spear (weapon in hand) b - an uncursed +0 dagger j - 10 uncursed +1 crossbow bolts k - an uncursed +0 elven bow m - 9 uncursed +0 arrows (in quiver) Q - an uncursed +0 knife X - an uncursed +2 crossbow Y - an uncursed +0 dart Armor e - an uncursed +2 small shield (being worn) n - a blessed +0 leather armor (being worn) r - an uncursed +0 oilskin cloak (being worn) Comestibles h - 2 uncursed tripe rations Scrolls q - an uncursed scroll of confuse monster Potions U - a cursed potion of fruit juice V - an uncursed potion of healing Wands c - an uncursed wand of cold (0:3) C - an uncursed wand of enlightenment (0:13) W - a cursed wand of digging (0:4) Tools f - an uncursed oil lamp (0:1037) l - a blessed oil lamp (0:1008) A - an uncursed tin opener Gems y - an uncursed worthless piece of orange glass z - an uncursed worthless piece of blue glass Spells and supernatural/magical abilities: Name Level Category Fail Memory W - pray for help -- divine ? -- Your skills at the end: Miscellaneous Skills shield [Basic] wands [Basic] Weapon Skills dagger [Basic] spear [Basic] Spellcasting Skills Final Attributes: You were devoutly aligned. You were cold resistant. You were stealthy. You could fly. You are dead. Vanquished creatures: 6 bugbears a gnome lord 2 floating eyes a homunculus a kobold shaman a giant bat a hobbit a large kobold 2 geckos 4 hobgoblins 2 cave spiders a brown mold 2 gnomes 11 jackals 3 foxes 6 newts 4 goblins 2 sewer rats 16 grid bugs a bat 3 lichens 71 creatures vanquished. Voluntary challenges: You did not adorn yourself with jewelry or accessories. You were an atheist. You used a wielded weapon 27 times, starting on turn 1. You did not use tools. You read items or engraved 8 times, starting on turn 14. You never genocided any monsters. You never polymorphed an object. You never changed form. You used no wishes. You never split a pudding. You never wrote Elbereth's name. You never violated your personal moral code. Dungeon overview: The Dungeons of Doom: levels 1 to 6 Level 1 some fountains a long staircase Level 2 (locked box) a scroll shop, a fountain a long staircase Level 3 a potion shop, a fountain Level 4 Level 5 (locked chest) <- You were here a fountain, a sink Level 6 History has recorded: On T:1 you entered the Dungeons of Doom to retrieve the Amulet of Yendor! On T:526 you reached level 2 of The Dungeons of Doom. On T:1284 you advanced to experience level 2. On T:1369 you reached level 3 of The Dungeons of Doom. On T:1774 you advanced to experience level 3. On T:1790 you reached level 4 of The Dungeons of Doom. On T:2114 you reached level 5 of The Dungeons of Doom. On T:2325 you advanced to experience level 4. On T:2787 you reached level 6 of The Dungeons of Doom. Score breakdown: Gold: 454 ( 45 points) Experience: 4 levels ( 300 points) Exploration: 6 levels ( 150 points) Discoveries: 11 items ( 550 points) Variety of kills: 21 monsters ( 1050 points) Major goal: (nothing yet) ( 0 points) Survival: died (score multiplied by 3) Total score: 6285 Latest messages: "Thank you for shopping in Kiltamagh's second-hand bookstore!" You hit the floating eye! As you meet its deep, meaningful gaze, you feel its suffering as though it were your own. You faint from lack of food. You die from your illness. Final status: Farvel Berna the Valkyrie, poisoned by a rotted large kobold corpse, while fainted from lack of food... You were poisoned in The Dungeons of Doom on dungeon level 5 with 6285 points, and 454 pieces of gold, after 2851 moves. You were level 4 with a maximum of 33 hit points when you were poisoned.